[Event "Titled Tuesday Blitz January 31 Early 2023"]
[White "Burdalev, Kirill"]
[Black "De Souza, Cristiano Gomes"]
[WhiteFideId "14121913"]
[BlackFideId "2151758"]
[WhiteElo "2368"]
[BlackElo "2018"]
[Result "0-1"]
[Round "08"]
[TimeControl "180+2"]
[Date "2023.01.31"]
[WhiteClock "0:00:01"]
[BlackClock "0:01:21"]

1. e4 c5 2. Nf3 d6 3. d4 cxd4 4. Nxd4 Nf6 5. Nc3 a6 6. Bg5 e6 7. f4 h6 8. Bh4 g5 9. fxg5 Nfd7 10. Nf3 Be7 11. Qd2 hxg5 12. Bxg5 Ne5 13. Bxe7 Nxf3+ 14. gxf3 Qxe7 15. O-O-O Nc6 16. Qxd6 Qxd6 17. Rxd6 Ne5 18. Be2 Ke7 19. Rdd1 Bd7 20. f4 Ng6 21. Rdf1 Rh4 22. f5 Nf4 23. fxe6 Bxe6 24. Kd2 Rah8 25. Rf2 b5 26. a3 Nh3 27. Rff1 Ng5 28. Ke3 Rh3+ 29. Kf4 f6 30. Rfg1 R8h4+ 31. Rg4 Bxg4 32. e5 Bxe2+ 0-1


[Site "https://www.chess.com"]

[Event "Titled Tuesday Blitz January 31 Early 2023"]
[White "Dilmukhametov, Artur"]
[Black "Hartikainen, Jarmo"]
[WhiteFideId "24179922"]
[BlackFideId "503134"]
[WhiteElo "2276"]
[BlackElo "2108"]
[Result "0-1"]
[Round "08"]
[TimeControl "180+2"]
[Date "2023.01.31"]
[WhiteClock "0:02:19"]
[BlackClock "0:01:49"]

1. d4 Nf6 2. Nc3 e6 3. Bf4 d5 4. e3 a6 5. Bd3 c5 6. a3 Nc6 7. Qf3 cxd4 8. exd4 Nxd4 9. Qe3 Nc6 10. Nf3 Be7 11. Ne2 Bd7 12. O-O Rc8 13. Ng5 h6 14. Nf3 Ng4 15. Qd2 e5 16. Bg3 e4 17. Bxe4 dxe4 18. Nfd4 Nf6 19. Nxc6 Bxc6 20. Rad1 Qxd2 21. Rxd2 O-O 22. Rfd1 Rfd8 23. Nf4 Rxd2 24. Rxd2 Rd8 25. Re2 Rd1+ 0-1


[Site "https://www.chess.com"]

[Event "Titled Tuesday Blitz January 31 Early 2023"]
[White "Vargas, Mauricio"]
[Black "Levine, David"]
[WhiteFideId "4404572"]
[BlackFideId "2011611"]
[WhiteElo "2035"]
[BlackElo "2040"]
[Result "0-1"]
[Round "08"]
[TimeControl "180+2"]
[Date "2023.01.31"]
[WhiteClock "0:00:32"]
[BlackClock "0:00:47"]

1. e4 e5 2. Nf3 Nc6 3. Bc4 Nf6 4. O-O Nxe4 5. Re1 d5 6. Bb5 Bc5 7. Re2 O-O 8. Bxc6 bxc6 9. Nxe5 Qf6 10. Nf3 Bg4 11. d3 Bxf3 12. gxf3 Ng5 13. Bxg5 Qxg5+ 14. Kf1 Qh5 15. Kg2 Bd6 16. Qh1 Rab8 17. b3 Rb4 18. c4 Be5 19. a3 Rxb3 20. Raa2 Rxd3 21. Re3 Qg5+ 22. Kf1 Rxe3 23. fxe3 Qxe3 24. Re2 Qd3 25. Nd2 Bf4 26. Ke1 Bxd2+ 27. Rxd2 Re8+ 28. Kd1 Qb1# 0-1


[Site "https://www.chess.com"]

[Event "Titled Tuesday Blitz January 31 Early 2023"]
[White "Caruana, Fabiano"]
[Black "Jobava, Baadur"]
[WhiteFideId "2020009"]
[BlackFideId "13601520"]
[WhiteElo "2764"]
[BlackElo "2578"]
[Result "0-1"]
[Round "09"]
[TimeControl "180+2"]
[Date "2023.01.31"]
[WhiteClock "0:00:01"]
[BlackClock "0:00:39"]

1. e4 d6 2. d4 Nf6 3. Nc3 e5 4. Nf3 Nbd7 5. a4 Be7 6. Bc4 O-O 7. O-O a5 8. Re1 h6 9. h3 Re8 10. b3 c6 11. Bb2 Qc7 12. Bf1 Nf8 13. g3 Ng6 14. Bg2 Bd7 15. Kh2 Rad8 16. Qd3 Bc8 17. Rad1 Bf8 18. Qc4 Qb8 19. d5 Bd7 20. Ba3 b5 21. Qe2 b4 22. Bb2 bxc3 23. Bxc3 Qc7 24. Bd2 cxd5 25. exd5 Qxc2 26. Bxa5 Qxe2 27. Rxe2 Rb8 28. Nd2 Rec8 29. Ra1 Rc2 30. b4 Ra8 31. Bf3 Bf5 32. Nb3 Rc3 33. Nd2 Rc2 34. Nb3 Rxe2 35. Bxe2 Nxd5 36. Bc4 Be6 37. b5 e4 38. Rd1 Nf6 39. Bxe6 fxe6 40. b6 Ne5 41. Rc1 Nd5 42. Nd4 Rxa5 43. b7 Nd7 44. Nxe6 Rxa4 45. Rc8 Rb4 46. Nxf8 Nxf8 47. b8=Q Rxb8 48. Rxb8 Nf6 49. g4 Kf7 50. Kg3 g5 51. h4 d5 52. Ra8 N8d7 53. Rh8 Kg7 54. Rd8 Ne5 55. Rd6 e3 56. hxg5 Ne4+ 0-1


[Site "https://www.chess.com"]

[Event "Titled Tuesday Blitz January 31 Early 2023"]
[White "Bortnyk, Olexandr"]
[Black "Hakobyan, Aram"]
[WhiteFideId "14120828"]
[BlackFideId "13306677"]
[WhiteElo "2605"]
[BlackElo "2608"]
[Result "0-1"]
[Round "09"]
[TimeControl "180+2"]
[Date "2023.01.31"]
[WhiteClock "0:00:06"]
[BlackClock "0:01:36"]

1. e4 e5 2. Nf3 Nc6 3. Bb5 a6 4. Ba4 Nf6 5. Nc3 Be7 6. O-O b5 7. Bb3 d6 8. Nd5 Na5 9. Nxe7 Qxe7 10. d4 Nxb3 11. axb3 Bb7 12. Bg5 h6 13. Bxf6 Qxf6 14. d5 O-O 15. c4 c5 16. dxc6 Bxc6 17. Qd3 bxc4 18. bxc4 a5 19. Rfd1 Rfd8 20. Nd2 a4 21. Nb1 Rab8 22. Ra2 Rb3 23. Nc3 Rdb8 24. Qd2 Qe6 25. Nd5 Bxd5 26. cxd5 Qg4 27. Re1 h5 28. Qe2 Qxe2 29. Rxe2 a3 30. Re1 axb2 31. Rb1 Rc3 0-1


[Site "https://www.chess.com"]

[Event "Titled Tuesday Blitz January 31 Early 2023"]
[White "Babazada, Khazar"]
[Black "Sanal, Vahap"]
[WhiteFideId "13413554"]
[BlackFideId "6300545"]
[WhiteElo "2474"]
[BlackElo "2600"]
[Result "1-0"]
[Round "09"]
[TimeControl "180+2"]
[Date "2023.01.31"]
[WhiteClock "0:00:52"]
[BlackClock "0:00:03"]

1. e4 d6 2. d4 Nf6 3. Nc3 e5 4. Nf3 Nbd7 5. Bc4 Be7 6. O-O O-O 7. a4 c6 8. h3 h6 9. Ba2 Re8 10. Re1 exd4 11. Nxd4 Bf8 12. a5 Nc5 13. Qf3 d5 14. e5 Nfd7 15. Bf4 Ne6 16. Nxe6 fxe6 17. Qg4 Kh8 18. Qg6 Re7 19. Ne2 Qe8 20. Qg4 Rf7 21. Ng3 Bc5 22. Re2 Nf8 23. c3 g5 24. Be3 Bxe3 25. Rxe3 Rf4 26. Qe2 Rh4 27. Bb1 Bd7 28. Rf3 Qe7 29. Rf6 Nh7 30. Bxh7 Qxh7 31. Qf3 Rf4 32. Rxf4 gxf4 33. Qxf4 Rg8 34. Ra4 Qg6 35. Qh4 Kh7 36. Rg4 Qb1+ 37. Kh2 Rxg4 38. hxg4 Qg6 39. Nh5 Be8 40. Qe7+ Bf7 41. Qf8 Bg8 42. Nf6+ Kh8 43. Nxg8 Qxg8 44. Qxh6+ Qh7 45. Qxh7+ Kxh7 46. Kg3 Kg6 47. f4 b6 48. axb6 axb6 49. Kf3 c5 50. Ke3 Kf7 51. f5 Ke7 52. b4 Kf7 53. bxc5 bxc5 54. Kd3 Ke7 55. Kc2 Kf7 56. Kb3 Ke7 57. Ka4 Kd7 58. Kb5 c4 59. Kc5 Ke7 60. f6+ Kf7 61. g5 Kg6 62. Kd6 d4 63. Kxe6 dxc3 64. f7 c2 65. f8=Q c1=Q 66. Qh6# 1-0


[Site "https://www.chess.com"]

[Event "Titled Tuesday Blitz January 31 Early 2023"]
[White "Nakamura, Hikaru"]
[Black "Rasulov, Vugar"]
[WhiteFideId "2016192"]
[BlackFideId "13402390"]
[WhiteElo "2775"]
[BlackElo "2523"]
[Result "1-0"]
[Round "09"]
[TimeControl "180+2"]
[Date "2023.01.31"]
[WhiteClock "0:00:09"]
[BlackClock "0:00:03"]

1. Nf3 Nf6 2. g3 d5 3. Bg2 c6 4. d3 Bg4 5. Nbd2 Nbd7 6. h3 Bh5 7. g4 Bg6 8. Nh4 e5 9. e3 Bd6 10. a3 Qe7 11. b3 O-O-O 12. Bb2 Kb8 13. b4 Nb6 14. Rb1 d4 15. e4 Ne8 16. Nf5 Bxf5 17. exf5 g6 18. Qf3 gxf5 19. Qxf5 Ng7 20. Qf3 Ne6 21. Ne4 Nf4 22. Bc1 Nbd5 23. Ng3 Qe6 24. b5 Nxg2+ 25. Qxg2 Nc3 26. Rb3 Nxb5 27. Qf3 Ka8 28. Bg5 Rdf8 29. Nf5 h5 30. gxh5 Bc7 31. h6 Nc3 32. Bd2 Nd5 33. Rg1 Nf4 34. Qe4 Nxh3 35. Rg7 Nf4 36. Bxf4 exf4 37. Qxe6 Ba5+ 38. Ke2 fxe6 39. Nxd4 Bb6 40. Nxe6 f3+ 41. Kd2 Re8 42. Nc7+ Bxc7 43. Rxc7 Rxh6 44. Rbxb7 Rh2 45. Rxa7+ Kb8 46. Rcb7+ Kc8 47. Kc3 Rxf2 48. a4 Ree2 49. a5 Rxc2+ 50. Kd4 Rh2 51. a6 Rh4+ 52. Ke3 f2 53. Ra8# 1-0


[Site "https://www.chess.com"]

[Event "Titled Tuesday Blitz January 31 Early 2023"]
[White "Dominguez Perez, Leinier"]
[Black "So, Wesley"]
[WhiteFideId "3503240"]
[BlackFideId "5202213"]
[WhiteElo "2739"]
[BlackElo "2760"]
[Result "0-1"]
[Round "09"]
[TimeControl "180+2"]
[Date "2023.01.31"]
[WhiteClock "0:00:01"]
[BlackClock "0:00:20"]

1. e4 e5 2. Nf3 Nc6 3. Bb5 Nf6 4. O-O Nxe4 5. Re1 Nd6 6. Nxe5 Be7 7. Bf1 Nf5 8. Nf3 O-O 9. d4 d5 10. c3 Re8 11. a4 Bd6 12. Rxe8+ Qxe8 13. a5 Nce7 14. a6 b6 15. c4 Be6 16. Nc3 dxc4 17. d5 Bd7 18. g4 Nh6 19. Bxh6 gxh6 20. Ne4 Qd8 21. Qd4 f5 22. Nf6+ Kf7 23. Re1 Ng6 24. Nxd7 Qxd7 25. Re6 fxg4 26. Nd2 b5 27. Ne4 Be7 28. b3 cxb3 29. Nf6 Bxf6 30. Rxf6+ Kg8 31. Bd3 Rf8 32. Bf5 Qg7 33. Be6+ Kh8 34. Rxf8+ Nxf8 35. Qxa7 b2 36. Bf5 Qe5 37. Bb1 Qe1+ 38. Kg2 Qxb1 39. Qd4+ Kg8 40. a7 Qa2 41. Qxg4+ Kf7 42. Qf5+ Ke7 43. Qe5+ Kf7 44. Qf5+ Kg7 45. Qe5+ Kg8 46. Qg3+ Ng6 0-1


[Site "https://www.chess.com"]

[Event "Titled Tuesday Blitz January 31 Early 2023"]
[White "Vokhidov, Shamsiddin"]
[Black "Le, Tuan Minh"]
[WhiteFideId "14204223"]
[BlackFideId "12401153"]
[WhiteElo "2586"]
[BlackElo "2542"]
[Result "1-0"]
[Round "09"]
[TimeControl "180+2"]
[Date "2023.01.31"]
[WhiteClock "0:01:26"]
[BlackClock "0:00:20"]

1. e4 c5 2. Nf3 Nf6 3. Nc3 d5 4. exd5 Nxd5 5. Bb5+ Bd7 6. Ne5 Nf6 7. Qf3 Qc8 8. Nxd7 Nbxd7 9. b3 a6 10. Bxd7+ Qxd7 11. Bb2 Rc8 12. O-O-O Qc6 13. Qg3 c4 14. d4 cxb3 15. d5 Qc5 16. Rhe1 g6 17. axb3 Bh6+ 18. Kb1 O-O 19. Re2 Rfd8 20. Na4 Qd6 21. Qxd6 Rxd6 22. Rxe7 b5 23. Bxf6 Rxf6 24. d6 Rxd6 25. Rxd6 Bf8 26. Nb6 Rb8 27. Red7 Bxd6 28. Rxd6 Kg7 29. Nd5 1-0


[Site "https://www.chess.com"]

[Event "Titled Tuesday Blitz January 31 Early 2023"]
[White "Svidler, Peter"]
[Black "Bluebaum, Matthias"]
[WhiteFideId "4102142"]
[BlackFideId "24651516"]
[WhiteElo "2683"]
[BlackElo "2669"]
[Result "1-0"]
[Round "09"]
[TimeControl "180+2"]
[Date "2023.01.31"]
[WhiteClock "0:00:47"]
[BlackClock "0:00:02"]

1. e4 e6 2. d4 d5 3. Nd2 c5 4. Ngf3 cxd4 5. Nxd4 Nf6 6. exd5 Nxd5 7. N2f3 Be7 8. g3 O-O 9. Bg2 Bb4+ 10. Bd2 e5 11. Nb3 Nc6 12. O-O Bg4 13. h3 Bh5 14. c4 Nb6 15. Bxb4 Qxd1 16. Rfxd1 Nxb4 17. g4 Bg6 18. Nxe5 Rae8 19. Nxg6 fxg6 20. Bxb7 Re2 21. c5 Na4 22. Rd4 Nc2 23. Rxa4 Nxa1 24. Nxa1 Rfxf2 25. Bd5+ Kf8 26. c6 Ke7 27. c7 Kd7 28. Rc4 Rf8 29. Bb7 Re1+ 30. Kg2 Re2+ 31. Kg3 Re3+ 32. Kh4 g5+ 33. Kxg5 h6+ 34. Kg6 Re6+ 35. Kxg7 Rfe8 36. c8=Q+ Rxc8 37. Bxc8+ 1-0


[Site "https://www.chess.com"]

[Event "Titled Tuesday Blitz January 31 Early 2023"]
[White "Kozak, Adam"]
[Black "Bacrot, Etienne"]
[WhiteFideId "753246"]
[BlackFideId "605506"]
[WhiteElo "2572"]
[BlackElo "2667"]
[Result "0-1"]
[Round "09"]
[TimeControl "180+2"]
[Date "2023.01.31"]
[WhiteClock "0:00:01"]
[BlackClock "0:00:06"]

1. c4 e5 2. Nc3 Nc6 3. Nf3 g6 4. d4 exd4 5. Nxd4 Bg7 6. Nxc6 bxc6 7. g3 Nf6 8. Bg2 O-O 9. O-O Re8 10. Qc2 Rb8 11. b3 d5 12. cxd5 cxd5 13. Bb2 Bf5 14. Qd1 d4 15. Na4 Ne4 16. Rc1 c5 17. Rc4 Rb4 18. Bxe4 Rxc4 19. bxc4 Bxe4 20. Nxc5 Ba8 21. Re1 Qc8 22. Bxd4 Qh3 23. f3 Bxf3 24. exf3 Rxe1+ 25. Qxe1 Bxd4+ 26. Kh1 Bxc5 27. Qe8+ Bf8 28. Kg1 Qf5 29. Qe2 Qe6 30. Qd3 Kg7 31. Kg2 Qe5 32. Qc2 Bc5 33. Qd2 Qd4 34. Qc2 h5 35. Qe2 a5 36. Kh3 a4 37. f4 a3 38. f5 gxf5 39. Qxh5 Qf6 40. Qf3 Qe5 41. Qh5 Be7 42. Qf3 Qe4 43. Qf1 Kf6 44. Qc1 Kg6 45. c5 Qg4+ 46. Kg2 Qe2+ 47. Kh3 Qg4+ 48. Kg2 Qe2+ 49. Kh3 Qb2 50. Qc4 Qh8+ 51. Kg2 Qb2+ 52. Kh3 Qe5 53. c6 Bd6 54. Qc2 Qe4 55. Qc3 f4 56. c7 Qe6+ 57. Kg2 Qe2+ 58. Kh3 Qh5+ 59. Kg2 f3+ 60. Kg1 Bc5+ 61. Kh1 Qd5 62. Qc2+ f5 63. Qxc5 f2+ 64. Qxd5 f1=Q# 0-1


[Site "https://www.chess.com"]

[Event "Titled Tuesday Blitz January 31 Early 2023"]
[White "Shimanov, Aleksandr"]
[Black "Iliaguev, Nisim"]
[WhiteFideId "4198603"]
[BlackFideId "2817276"]
[WhiteElo "2581"]
[BlackElo "2402"]
[Result "1-0"]
[Round "09"]
[TimeControl "180+2"]
[Date "2023.01.31"]
[WhiteClock "0:00:10"]
[BlackClock "0:00:04"]

1. e4 c6 2. d4 d5 3. Nc3 dxe4 4. Nge2 Nf6 5. Ng3 Bg4 6. Be2 Bxe2 7. Qxe2 e6 8. Bf4 Bb4 9. O-O Bxc3 10. bxc3 Nbd7 11. Bd6 Nb6 12. Ba3 Qd5 13. Rfe1 Nc4 14. Bc1 O-O 15. Nxe4 Nxe4 16. Qxe4 Qxe4 17. Rxe4 Rac8 18. a4 Rfd8 19. h4 h6 20. g4 c5 21. Ra2 Nb6 22. a5 Nd5 23. Bd2 Nf6 24. Rf4 cxd4 25. cxd4 Rc4 26. c3 Nd5 27. Rf3 a6 28. g5 h5 29. g6 fxg6 30. Kf1 Nc7 31. Rg3 Kh7 32. Re3 Nd5 33. Rf3 Rd7 34. Rb2 Ra4 35. Ke2 Ne7 36. Re3 Rxa5 37. Rxe6 b5 38. Kd3 Nf5 39. Bg5 Ra3 40. Rc6 Rxd4+ 41. Kc2 Rd7 42. Rb4 Ra2+ 43. Kb3 Rxf2 44. Rxa6 Rf3 45. Kb2 Nd6 46. Ra8 Nc4+ 47. Kb3 Rf5 48. Rb8 Rdd5 49. Rc8 Rde5 50. Rc7 Re2 51. Rxb5 Rxb5+ 52. Kxc4 Rf5 53. Kd3 Re6 54. c4 Ra6 55. Kd4 Ra4 56. Rc8 Rf7 57. Rc6 Ra8 58. Rd6 Ra1 59. Rc6 Rd1+ 60. Kc5 Rf5+ 61. Kb6 Rb1+ 62. Kc7 Rf7+ 63. Kd6 Rd1+ 64. Kc5 Rf5+ 65. Kb6 Rd7 66. Re6 Kg8 67. c5 Kf7 68. Re3 Rf1 69. Rc3 Rb1+ 70. Kc6 Ra7 71. Kd6 Ra6+ 72. Kc7 Ra7+ 73. Kd6 Ra6+ 74. c6 Rd1+ 75. Kc5 Ra8 76. c7 Rc8 77. Kc6 Ke6 78. Re3+ Kf7 79. Kb7 Rxc7+ 80. Kxc7 Rd4 81. Kc6 Rd2 82. Kc5 Rd1 83. Kc4 Rd7 84. Rd3 Rc7+ 85. Kd5 Rd7+ 86. Ke4 Rb7 87. Ke5 Rb5+ 88. Rd5 Rb7 89. Kd6 Rb4 90. Kc6 Re4 91. Rd7+ Kg8 92. Kd5 Re8 93. Re7 Rd8+ 94. Ke6 Rd1 95. Bf4 Rd4 96. Be5 Rxh4 97. Rxg7+ Kf8 98. Rh7 1-0


[Site "https://www.chess.com"]

[Event "Titled Tuesday Blitz January 31 Early 2023"]
[White "Andreikin, Dmitry"]
[Black "Fier, Alexandr"]
[WhiteFideId "4158814"]
[BlackFideId "2107139"]
[WhiteElo "2729"]
[BlackElo "2589"]
[Result "1/2-1/2"]
[Round "09"]
[TimeControl "180+2"]
[Date "2023.01.31"]
[WhiteClock "0:00:08"]
[BlackClock "0:00:12"]

1. Nf3 Nf6 2. c4 b6 3. Nc3 Bb7 4. d4 e6 5. e3 Bb4 6. Bd3 O-O 7. O-O Bxc3 8. bxc3 Be4 9. Be2 c5 10. Ne1 d6 11. f3 Bb7 12. e4 Nc6 13. Bg5 e5 14. Nc2 h6 15. Bh4 Kh8 16. dxc5 dxc5 17. Ne3 Qxd1 18. Rfxd1 g5 19. Bg3 Rad8 20. a4 Nh5 21. Rd5 Nxg3 22. hxg3 Bc8 23. Kf2 Be6 24. Rh1 Kg7 25. g4 f6 26. Rhd1 Kf7 27. g3 Bxd5 28. cxd5 Na5 29. d6 Ke6 30. Nf5 Rh8 31. Bb5 Rh7 32. Ke3 Rhd7 33. Bxd7+ Rxd7 34. Rh1 Nc4+ 35. Ke2 Rh7 36. Rd1 a6 37. Nxh6 Nxd6 38. Nf5 Rh2+ 39. Kd3 b5 40. axb5 axb5 41. Nxd6 Kxd6 42. Ke3+ Kc6 43. Rd8 b4 44. cxb4 cxb4 45. Rf8 b3 46. Rxf6+ Kc5 47. Rf8 b2 48. Rb8 Kc4 49. f4 Kc3 50. fxe5 Rh6 51. Rc8+ Kb3 52. Rb8+ Kc2 53. Kd4 b1=Q 54. Rxb1 Kxb1 55. Kd5 Kc2 56. e6 Kd3 57. e7 Rh8 58. e5 Ke3 59. Ke6 Ke4 60. Kf6 Kd5 61. Kf7 Kxe5 62. e8=Q+ Rxe8 63. Kxe8 Ke4 64. Kf7 Kf3 65. Kf6 Kxg4 66. Kg6 Kxg3 67. Kxg5 1/2-1/2


[Site "https://www.chess.com"]

[Event "Titled Tuesday Blitz January 31 Early 2023"]
[White "Duda, Jan-Krzysztof"]
[Black "Kamsky, Gata"]
[WhiteFideId "1170546"]
[BlackFideId "2000024"]
[WhiteElo "2724"]
[BlackElo "2665"]
[Result "0-1"]
[Round "09"]
[TimeControl "180+2"]
[Date "2023.01.31"]
[WhiteClock "0:00:02"]
[BlackClock "0:00:07"]

1. d4 Nf6 2. c4 e6 3. Nf3 b6 4. a3 c6 5. Bf4 d5 6. e3 Bd6 7. Bg3 Ne4 8. Qc2 Nxg3 9. hxg3 g6 10. Nc3 Nd7 11. cxd5 exd5 12. Nxd5 cxd5 13. Qc6 Qc7 14. Qxa8 Nf6 15. Bb5+ Ke7 16. Qc6 Qxc6 17. Bxc6 Ba6 18. b4 Bc4 19. Nd2 Bd3 20. Ba4 Rc8 21. Bd1 Rc3 22. Be2 Bf5 23. g4 Nxg4 24. Rxh7 Nf6 25. Rh8 a5 26. bxa5 bxa5 27. Ra8 Bxa3 28. Rxa5 Bb2 29. Rd1 Bc2 30. Rb5 Bxd1 31. Bxd1 Bc1 32. Nf3 Ba3 33. Ne5 Bd6 34. Rb7+ Rc7 35. Nc6+ Kd7 36. Rxc7+ Bxc7 37. Ba4 Ke6 38. Ke2 Ne4 39. Bb3 f5 40. Nb4 Nf6 41. f3 Kd6 42. Kd3 Ba5 43. Na2 g5 44. Nc3 g4 45. Nb5+ Kc6 46. Ba4 gxf3 47. gxf3 Bb4 48. Nc3+ Kd6 49. Ne2 Be1 50. Nf4 Bg3 51. Ng6 Ke6 52. Bc2 Kd6 53. Ke2 Ke6 54. Kf1 Ng8 55. Kg2 Bd6 56. Nh4 Ne7 57. Kf2 Kf6 58. Bd3 Bc7 59. Ke2 Bg3 60. Ng2 Bd6 61. Ne1 Nc6 62. Bb5 Nb4 63. Ba4 Be7 64. Bb3 Bd6 65. Ng2 Ke6 66. e4 fxe4 67. fxe4 Kd7 68. e5 Bf8 69. Nf4 Kc6 70. Ba4+ Kb6 71. Kf3 Bh6 72. Kg4 Kc7 73. Kf5 Kd8 0-1


[Site "https://www.chess.com"]

[Event "Titled Tuesday Blitz January 31 Early 2023"]
[White "Azarov, Sergei"]
[Black "Pranav, V"]
[WhiteFideId "13501470"]
[BlackFideId "25060783"]
[WhiteElo "2582"]
[BlackElo "2597"]
[Result "0-1"]
[Round "09"]
[TimeControl "180+2"]
[Date "2023.01.31"]
[WhiteClock "0:00:02"]
[BlackClock "0:00:13"]

1. e4 e5 2. Nf3 Nc6 3. Bb5 a6 4. Ba4 d6 5. Bxc6+ bxc6 6. d4 f6 7. c4 g6 8. Nc3 Bg7 9. Be3 Ne7 10. Qc2 O-O 11. O-O-O Be6 12. c5 d5 13. h4 Qe8 14. h5 gxh5 15. dxe5 fxe5 16. Ng5 Bd7 17. Qe2 h6 18. Rxh5 hxg5 19. exd5 cxd5 20. Bxg5 c6 21. Rdh1 e4 22. Bh6 Nf5 23. Bxg7 Nxg7 24. Rh8+ Kf7 25. R8h6 Qe5 26. Qd2 Be6 27. Ne2 d4 28. Rh7 e3 29. Qxd4 Qxd4 30. Nxd4 exf2 31. Rxg7+ Kxg7 32. Nxe6+ Kg6 33. Nxf8+ Rxf8 34. Rf1 Kg5 35. Kd2 Kg4 36. Ke2 Kg3 0-1


[Site "https://www.chess.com"]

[Event "Titled Tuesday Blitz January 31 Early 2023"]
[White "Deac, Bogdan-Daniel"]
[Black "Hambleton, Aman"]
[WhiteFideId "1226380"]
[BlackFideId "2606577"]
[WhiteElo "2700"]
[BlackElo "2420"]
[Result "1-0"]
[Round "09"]
[TimeControl "180+2"]
[Date "2023.01.31"]
[WhiteClock "0:00:08"]
[BlackClock "0:00:01"]

1. c4 e5 2. d3 Nf6 3. Nf3 c6 4. Nc3 d6 5. g3 Be7 6. Bg2 O-O 7. O-O Re8 8. h3 h6 9. e4 a5 10. d4 Qc7 11. Be3 Bf8 12. Rc1 Na6 13. Re1 exd4 14. Nxd4 Nc5 15. Qc2 g6 16. Rcd1 Bd7 17. f4 Rad8 18. Bf2 Bg7 19. Nf3 Ne6 20. Qd2 Bc8 21. Kh2 Bf8 22. Qc2 Nc5 23. Bd4 Nfd7 24. Qf2 Ne6 25. Be3 Nec5 26. Nh4 Bg7 27. Bd4 Bxd4 28. Qxd4 Nf8 29. b3 Nce6 30. Qf2 Nc5 31. e5 b6 32. exd6 Qd7 33. Rxe8 Rxe8 34. Nf3 f6 35. Qd4 Nfe6 36. Qxf6 Qf7 37. Qxf7+ Kxf7 38. Ne5+ Kg7 39. d7 Bxd7 40. Nxd7 Re7 41. Ne5 g5 42. Nxc6 Rf7 43. Ne5 Rf8 44. fxg5 hxg5 45. Rf1 Rd8 46. Rf7+ Kg8 47. Nd5 g4 48. Nf6+ 1-0


[Site "https://www.chess.com"]

[Event "Titled Tuesday Blitz January 31 Early 2023"]
[White "Chigaev, Maksim"]
[Black "Begmuratov, Khumoyun"]
[WhiteFideId "4108116"]
[BlackFideId "14210207"]
[WhiteElo "2628"]
[BlackElo "2387"]
[Result "0-1"]
[Round "09"]
[TimeControl "180+2"]
[Date "2023.01.31"]
[WhiteClock "0:00:03"]
[BlackClock "0:00:41"]

1. e4 e5 2. Bc4 Nf6 3. d3 c6 4. Nf3 d5 5. Bb3 a5 6. a4 Bd6 7. Nc3 d4 8. Ne2 Bg4 9. Ng3 Nbd7 10. h3 Bxf3 11. Qxf3 Bb4+ 12. Kf1 O-O 13. Nf5 Kh8 14. g3 Nc5 15. Bg5 Nxb3 16. cxb3 Nxe4 17. Bxd8 Nd2+ 18. Kg2 Nxf3 19. Bf6 gxf6 20. Kxf3 Rfd8 21. g4 Bd2 22. Ng3 Bh6 23. Ne4 Ra6 24. b4 axb4 25. b3 Kg7 26. Ng3 Kf8 27. Ke4 Rd5 28. h4 Rc5 29. g5 Bg7 30. Nh5 Rc2 31. gxf6 Bh8 32. Raf1 Re2+ 33. Kf3 Rb2 34. Rhg1 Rxb3 35. Rg5 h6 36. Rxe5 Rxd3+ 37. Kg4 b3 38. Rfe1 Ra8 39. Re7 b5 40. axb5 cxb5 41. Rd7 b2 42. Ree7 b1=Q 43. Rxf7+ Kg8 44. Rg7+ Bxg7 45. fxg7 Qd1+ 0-1


[Site "https://www.chess.com"]

[Event "Titled Tuesday Blitz January 31 Early 2023"]
[White "Szpar, Milosz"]
[Black "Drygalov, Sergey"]
[WhiteFideId "1184989"]
[BlackFideId "24171743"]
[WhiteElo "2447"]
[BlackElo "2547"]
[Result "0-1"]
[Round "09"]
[TimeControl "180+2"]
[Date "2023.01.31"]
[WhiteClock "0:00:01"]
[BlackClock "0:00:58"]

1. e4 c5 2. Nf3 d6 3. c3 Nf6 4. Bd3 Nc6 5. h3 d5 6. exd5 Nxd5 7. O-O e6 8. Bb5 Bd7 9. d4 cxd4 10. Nxd4 Nxd4 11. Bxd7+ Qxd7 12. Qxd4 Be7 13. Qxg7 O-O-O 14. Qd4 Rhg8 15. Nd2 Qc6 16. Qe4 f5 17. Qf3 Rg6 18. c4 Nf4 19. Qxc6+ bxc6 20. Nf3 Nxg2 21. Ne5 Rg7 22. Bh6 Rgg8 23. Nxc6 Rd7 24. Nxe7+ Rxe7 25. Kh1 Nh4 26. Rg1 Rxg1+ 27. Rxg1 Ng6 28. Rd1 e5 29. Bg5 Re6 30. Rd5 f4 31. f3 Kc7 32. Bd8+ Kc6 33. Ba5 Nh4 34. Rd3 Rg6 35. Be1 Nf5 36. Bf2 a6 37. Rd5 Re6 38. Kg2 Nd6 39. b3 h5 40. Kf1 e4 41. fxe4 Nxe4 42. Rxh5 Nd2+ 43. Kg2 Re2 44. Rh6+ Kd7 45. Rh7+ Ke6 46. Rh6+ Kf5 47. Rh5+ Ke4 48. Kg1 Kf3 49. Bc5 Re1+ 50. Kh2 Nf1+ 51. Kh1 Ng3+ 0-1


[Site "https://www.chess.com"]

[Event "Titled Tuesday Blitz January 31 Early 2023"]
[White "Ter-Sahakyan, Samvel"]
[Black "Jakubowski, Krzysztof"]
[WhiteFideId "13302531"]
[BlackFideId "1112848"]
[WhiteElo "2617"]
[BlackElo "2486"]
[Result "1-0"]
[Round "09"]
[TimeControl "180+2"]
[Date "2023.01.31"]
[WhiteClock "0:00:03"]
[BlackClock "0:00:01"]

1. d4 Nf6 2. c4 e6 3. Nf3 b6 4. g3 Ba6 5. b3 Bb4+ 6. Bd2 Be7 7. Bg2 c6 8. Bc3 d5 9. Nbd2 O-O 10. O-O Nbd7 11. a4 Qc7 12. a5 b5 13. c5 Kh8 14. b4 Rae8 15. Qc2 Bc8 16. Rae1 Ng8 17. e4 f5 18. e5 g5 19. Nb3 Rf7 20. Nc1 Rg7 21. Nd2 h5 22. Nd3 Rf8 23. Qd1 Rh7 24. Nf3 Qd8 25. Bd2 Rff7 26. h4 gxh4 27. gxh4 Bxh4 28. Nxh4 Qxh4 29. Re3 Qxd4 30. f4 Nh6 31. Kh1 Ng4 32. Rh3 Rfg7 33. Qe1 Nf8 34. Nc1 Bd7 35. Rff3 Ng6 36. Bc3 Qe4 37. Qf1 d4 38. Bd2 N6xe5 39. fxe5 Nxe5 40. Rf4 Qc2 41. Rxd4 Nc4 42. Bc3 e5 43. Rxc4 bxc4 44. Bxe5 Kg8 45. Bxg7 Rxg7 46. Ne2 f4 47. Rf3 Bg4 48. Rf2 Bxe2 49. Rxe2 Qb3 50. Qxf4 Qd1+ 51. Qf1 Qxf1+ 52. Bxf1 Rg3 53. Rc2 c3 54. Bg2 1-0


[Site "https://www.chess.com"]

[Event "Titled Tuesday Blitz January 31 Early 2023"]
[White "Samunenkov, Ihor"]
[Black "Orlov, Georgi"]
[WhiteFideId "14187086"]
[BlackFideId "2011271"]
[WhiteElo "2501"]
[BlackElo "2453"]
[Result "1-0"]
[Round "09"]
[TimeControl "180+2"]
[Date "2023.01.31"]
[WhiteClock "0:00:18"]
[BlackClock "0:00:14"]

1. d4 Nf6 2. c4 Nc6 3. Nf3 e6 4. e3 Bb4+ 5. Bd2 Qe7 6. Bd3 Bxd2+ 7. Qxd2 e5 8. dxe5 Nxe5 9. Nxe5 Qxe5 10. Nc3 d6 11. O-O O-O 12. f4 Qe7 13. e4 c6 14. Rae1 Rd8 15. b3 Qc7 16. h3 Qb6+ 17. Kh2 Qd4 18. Qc2 Re8 19. Rd1 Qc5 20. Qf2 Qh5 21. Kg1 Qh6 22. Rde1 Be6 23. Qf3 Qh4 24. Qf2 Qxf2+ 25. Kxf2 Rad8 26. g4 Bc8 27. Kf3 Nd7 28. Rd1 f6 29. Bc2 Nc5 30. Rd2 Kf8 31. Rfd1 Ke7 32. b4 Na6 33. a3 Be6 34. Bd3 Nc7 35. Bf1 g5 36. f5 Bf7 37. c5 d5 38. exd5 Nxd5 39. Ne4 Nf4 40. Rxd8 Rxd8 41. Rxd8 Kxd8 42. Nxf6 h6 43. h4 Ke7 44. hxg5 hxg5 45. Nh7 Bd5+ 46. Kg3 Be4 47. Nxg5 Bd3 48. Kxf4 Bxf1 49. Ne4 b6 50. g5 Bd3 51. Ke5 bxc5 52. bxc5 a5 53. g6 1-0


[Site "https://www.chess.com"]

[Event "Titled Tuesday Blitz January 31 Early 2023"]
[White "Svane, Rasmus"]
[Black "Belozerov, Andrei"]
[WhiteFideId "4657101"]
[BlackFideId "4120213"]
[WhiteElo "2623"]
[BlackElo "2461"]
[Result "1-0"]
[Round "09"]
[TimeControl "180+2"]
[Date "2023.01.31"]
[WhiteClock "0:00:45"]
[BlackClock "0:00:02"]

1. Nf3 d5 2. g3 Bg4 3. Bg2 Nd7 4. h3 Bh5 5. O-O Ngf6 6. d4 e6 7. c4 c6 8. cxd5 Bxf3 9. dxe6 Bxg2 10. exd7+ Qxd7 11. Kxg2 O-O-O 12. e3 h5 13. Nd2 Bb4 14. Qf3 Rhe8 15. Nc4 Ne4 16. Ne5 Rxe5 17. dxe5 Ng5 18. Qxh5 Qd5+ 19. f3 f6 20. Qg4+ Qe6 21. exf6 gxf6 22. Qxe6+ Nxe6 23. Rf2 Rd3 24. b3 Bc5 25. Bd2 Bxe3 26. Bxe3 Rxe3 27. h4 Kd7 28. Rd1+ Ke7 29. Rdd2 f5 30. Rfe2 Rc3 31. f4 a5 32. Re5 Rc5 33. Rde2 Rxe5 34. Rxe5 Kf6 35. Rxa5 Nd4 36. Ra7 b5 37. Rc7 Kg6 38. a4 Nxb3 39. Rxc6+ Kh5 40. axb5 Nd4 41. Rc5 Kg4 42. b6 Ne6 43. Rc8 Ng7 44. b7 Nh5 45. Rg8+ Ng7 46. Rxg7+ Kh5 47. b8=Q Kh6 48. Qh8# 1-0


[Site "https://www.chess.com"]